 Dungeon Crawl Stone Soup version 0.18.1-50-g88ac8fd (console) character file.

1250 Kloppie the Cleaver (level 8, 0/75 HPs)
             Began as a Hill Orc Berserker on Sept 16, 2016.
             Was an Elder of Trog.
             Slain by an ice beast (12 damage)
             ... on level 5 of the Dungeon.
             The game lasted 00:07:28 (5023 turns).

Kloppie the Cleaver (Hill Orc Berserker)            Turns: 5023, Time: 00:07:29

Health: 0/75       AC:  9    Str: 21    XL:     8   Next: 50%
Magic:  0/8        EV:  8    Int:  7    God:    Trog [****..]
Gold:   302        SH:  0    Dex: 11    Spells: 0 memorised, 7 levels left

rFire  . . .     SeeInvis .     a - +0 hand axe
rCold  . . .     Gourm    .     u - +0 chain mail {rPois}
rNeg   . . .     Faith    .     (no shield)
rPois  +         Spirit   +     z - +0 hat
rElec  .         Dismiss  .     e - -2 cloak (curse)
rCorr  .         Reflect  .     (no gloves)
SustAt .         Harm     .     (no boots)
MR     .....                    y - amulet of guardian spirit
Stlth  ..........               (no ring)
                                (no ring)

@: not resistant to hostile enchantments, extremely unstealthy
A: no striking features
a: Berserk, Trog's Hand, Brothers in Arms, Burn Spellbooks, Renounce Religion


You were on level 5 of the Dungeon.
You worshipped Trog.
Trog was greatly pleased with you.
You were not hungry.

You visited 1 branch of the dungeon, and saw 5 of its levels.
You also visited: Ossuary.

You collected 302 gold pieces.

Inventory:

Hand Weapons
 a - a +0 hand axe (weapon)
Armour
 e - a cursed -2 cloak (worn)
 u - a +0 chain mail of poison resistance (worn)
 z - a +0 hat (worn)
Jewellery
 y - an amulet of guardian spirit (around neck)
Scrolls
 b - 2 scrolls of random uselessness {unknown}
 g - 4 scrolls of teleportation {unknown}
 j - 3 scrolls of remove curse {unknown}
 m - a scroll of identify
 o - a scroll of fear {unknown}
 q - a scroll of immolation {unknown}
 r - 2 scrolls of amnesia {unknown}
 t - a scroll of recharging {unknown}
 v - 4 scrolls of magic mapping {unknown}
 A - 2 scrolls of enchant armour {unknown}
 B - a scroll of enchant weapon {unknown}
 C - a scroll of blinking {unknown}
Potions
 f - 4 potions of curing
 i - a potion of agility
 k - 2 potions of heal wounds
 l - 3 potions of haste
 s - a potion of degeneration
 w - 2 potions of lignification
 E - 2 potions of cure mutation
Books
 x - a book of Ice

   Spells                             Type                      Level
   a - Ice Form                       Ice/Transmutation            4
   b - Metabolic Englaciation         Hexes/Ice                    5
   c - Ozocubu's Refrigeration        Ice                          6
   d - Bolt of Cold                   Conjuration/Ice              6
   e - Freezing Cloud                 Conjuration/Ice/Air          6
   f - Simulacrum                     Ice/Necromancy               6
   Trog disapproves of the use of such an item.
Comestibles
 c - 5 bread rations
 d - 5 fruits
 h - 2 meat rations
 n - a slice of pizza
 p - 3 beef jerkies


   Skills:
 + Level 8.4 Fighting
 + Level 8.8 Axes
 + Level 5.7 Armour
 - Level 1.5 Dodging


You had 7 spell levels left.
You didn't know any spells.

Dungeon Overview and Level Annotations

Branches:
Dungeon (5/15)
 Temple: D:4-7

Altars:
Fedhas
Kikubaaqudgha
Okawaru
Ru
Xom
Yredelemnul

Shops:
D:4 }


Message History

You hit the ice beast.
The ice beast is heavily wounded.
You hit the ice beast but do no damage.
The ice beast is heavily wounded.
The ice beast completely misses you.
You hit the ice beast.
The ice beast is severely wounded.
The ice beast hits you.
* * * LOW HITPOINT WARNING * * *
The ice beast freezes you!
* * * LOW HITPOINT WARNING * * *
You hit the ice beast but do no damage.
The ice beast is severely wounded.
The ice beast completely misses you.
Your chain mail prevents you from hitting the ice beast.
The ice beast is severely wounded.
The ice beast hits you.
* * * LOW HITPOINT WARNING * * *
The ice beast freezes you!
You die...

#.#.#[...#
######.#.#...>.
##...........# ###
.............# #..
.............# #.#
..####.#†#..# #.#
#.#.#..# #.#
#.#.#".# #.#
#@#.#..#########.#
#Y#.#............#
#.#.#.############
#.#.#.# ..#.#.#
############# ###
#.# .....<.......
#.# ##...........
#.# ###.........
#.#


You could see an ice beast.

Vanquished Creatures
  Sigmund (D:3)
  A sky beast (D:5)
  2 ogres (D:4)
  2 scorpions (D:4)
  The ghost of Aleksmastering the Skirmisher, a weakling HuFi (D:3)
  A human zombie (Ossuary)
  A hound (D:4)
  Crazy Yiuf (D:3)
  2 orc priests
  An iguana (D:4)
  6 orc wizards
  Ijyb (D:3)
  Natasha (thrice) (D:3)
  A hound skeleton (D:5)
  4 mummies
  A howler monkey zombie (D:5)
  3 adders
  3 adder zombies (Ossuary)
  3 worms (D:2)
  5 giant geckos
  17 orcs
  3 giant cockroaches
  4 goblins
  8 hobgoblins
  6 jackals
  4 quokkas
  7 bats
  A giant gecko skeleton (D:4)
  9 giant newts
  2 goblin zombies
  3 hobgoblin zombies (Ossuary)
  4 kobolds
  2 kobold zombies (Ossuary)
  An orc zombie (D:4)
  5 quokka zombies (Ossuary)
  25 rats
  3 rat zombies (Ossuary)
147 creatures vanquished.

Notes
Turn   | Place    | Note
--------------------------------------------------------------
     0 | D:1      | Kloppie the Hill Orc Berserker began the quest for the Orb.
     0 | D:1      | Reached XP level 1. HP: 19/19 MP: 1/1
   155 | D:1      | Reached XP level 2. HP: 26/27 MP: 2/2
   340 | D:1      | Reached ** piety under Trog
   486 | D:2      | Reached XP level 3. HP: 34/34 MP: 3/3
   631 | D:2      | Reached skill level 5 in Axes
   800 | D:2      | Found an iron altar of Okawaru.
  1149 | D:2      | Reached XP level 4. HP: 29/41 MP: 4/4
  1166 | D:2      | Found a shimmering altar of Xom.
  1494 | D:3      | Noticed Aleksmastering's ghost (weakling HuFi)
  1508 | D:3      | Reached skill level 5 in Fighting
  1514 | D:3      | Killed Aleksmastering's ghost
  1514 | D:3      | Reached XP level 5. HP: 33/48 MP: 5/5
  1709 | D:3      | Found an ancient bone altar of Kikubaaqudgha.
  1823 | D:3      | Noticed Ijyb
  1834 | D:3      | Killed Ijyb
  1896 | D:3      | Found a basalt altar of Yredelemnul.
  2016 | D:3      | Noticed Natasha
  2026 | D:3      | Killed Natasha
  2026 | D:3      | Reached XP level 6. HP: 42/57 MP: 6/6
  2053 | D:3      | Reached *** piety under Trog
  2110 | D:3      | Noticed Natasha
  2124 | D:3      | Killed Natasha
  2271 | D:3      | Noticed Natasha
  2282 | D:3      | Killed Natasha
  2312 | D:3      | Noticed Crazy Yiuf
  2319 | D:3      | Killed Crazy Yiuf
  2490 | D:3      | Found a blossoming altar of Fedhas.
  2634 | D:3      | Noticed Sigmund
  2646 | D:3      | Killed Sigmund
  2646 | D:3      | Reached XP level 7. HP: 64/64 MP: 7/7
  2659 | D:3      | Found a sacrificial altar of Ru.
  2867 | D:4      | Found Cacymp's Gadget Shoppe.
  2999 | D:4      | Found a sand-covered staircase.
  3011 | Ossuary  | Entered an ossuary
  3828 | D:4      | Reached XP level 8. HP: 61/73 MP: 8/8
  3839 | D:4      | Reached skill level 5 in Armour
  3851 | D:4      | Reached **** piety under Trog
  4650 | D:4      | You fall through a shaft!
  4650 | D:5      | Entered Level 5 of the Dungeon
  5023 | D:5      | Slain by an ice beast

Skill      XL: |  1  2  3  4  5  6  7  8 |
---------------+-------------------------+-----
Fighting       | 4 5 6 7 8 |  8.4
Axes           | 5 6 7 8 |  8.8
Armour         | 3 4 5 |  5.7
Dodging        | |  1.5

Action                   |  1- 3 |  4- 6 |  7- 9 || total
-------------------------+-------+-------+-------++-------
Melee: Hand axe          |   114 |   151 |   330 ||   595
Invok: Berserk           |       |     3 |     2 ||     5
       Trog's Hand       |       |     1 |     2 ||     3
  Use: Scroll            |       |       |     6 ||     6
  Eat: Chunk             |     1 |     7 |     4 ||    12
       Meat ration       |       |       |     2 ||     2
Armor: Ring mail         |    42 |     5 |       ||    47
       Animal skin       |     1 |       |       ||     1
       Chain mail        |       |    49 |   137 ||   186
Dodge: Dodged            |    61 |    64 |   108 ||   233
